Map: New Repugnancy LE

Players

pHARM

  • Race: Zerg Zerg
  • League: Platinum
  • Spawn Location: 7:00

IIIIIIIIIIII - Winner!

  • Race: Zerg Zerg
  • League: Diamond
  • Spawn Location: 1:00

VOD

Have the link to the VOD?

Description

Time

  • Played on: Aug. 3, 2019, 4:10 a.m.
  • Length: 3:37
Show
View Real Time Build Order
Export as new Build Order

pHARM Zerg 

Build Orders: Hatch First 

Get SALT Encoding   

  12  0:01  Drone  
  13  0:12  Overlord  
  13  0:18  Drone  
  14  0:30  Drone  
  14  0:31  Drone  
  14  0:34  Drone  
  17  0:55  Hatchery  
  16  1:03  Drone x2  
  18  1:18  Spawning Pool  
  18  1:21  Drone x2  
  19  1:27  Drone  
  20  1:46  Drone, Extractor  
  20  1:59  Overlord  
  20  2:09  Drone  
  20  2:10  Drone  
  20  2:11  Queen x2  
  20  2:13  Drone  
  27  2:32  Drone x3  
  30  2:37  Drone  
  30  2:41  Overlord  
  31  2:48  Drone  
  32  2:51  Queen  
  32  2:57  Drone x2  
  36  3:08  Evolution Chamber  
  35  3:21  Drone, Roach Warren  
  35  3:22  Drone x9  
Show
View Real Time Build Order
Export as new Build Order

IIIIIIIIIIII Zerg - Winner!

Build Orders: Hatch First 

Get SALT Encoding   

  12  0:01  Drone  
  13  0:11  Drone  
  14  0:38  Hatchery  
  13  0:43  Drone  
  13  0:45  Extractor  
  13  0:48  Drone  
  14  1:01  Spawning Pool  
  13  1:09  Overlord  
  13  1:15  Drone  
  14  1:48  Metabolic Boost  
  14  1:51  Queen  
  16  2:02  Zergling x2  
  17  2:10  Overlord  
  17  2:14  Zergling x8  
  21  2:35  Zergling x2  
  21  2:36  Zergling x6  
  25  2:50  Zergling x4  
  27  3:05  Zergling x12  
Tags
 
Add a new tag
Caveats
  • Supply blocks, unpowered buildings, or Contaminate may cause inaccurate times.
  • Supply counts are checked every 10 seconds.